 Seeded DCSS version 0.28-a0-577-gb193047a1f (webtiles) character file.

Game seed: 15936775930681355243 (custom seed)

247 oldmanjim the Conjurer (level 5, -1/29 HPs)
             Began as a Deep Elf Conjurer on Oct 2, 2021.
             Slain by Edmund (5 damage)
             ... on level 4 of the Dungeon.
             The game lasted 00:30:18 (4360 turns).

oldmanjim the Conjurer (Deep Elf Conjurer)          Turns: 4360, Time: 00:30:18

Health: -1/29      AC:  5    Str:  4    XL:     5   Next: 85%
Magic:  4/13       EV: 12    Int: 24    God:
Gold:   146        SH:  0    Dex: 13    Spells: 6/12 levels left

rFire   . . .      SeeInvis .   a - +0 dagger (freeze)
rCold   + . .      Faith    .   (no shield)
rNeg    . . .      Spirit   .   k - +2 robe {rC+}
rPois   +          Reflect  .   (no helmet)
rElec   .          Harm     .   (no cloak)
rCorr   .          Rampage  .   l - +0 pair of gloves
Will    .....                   (no boots)
Stlth   +++.......              (no amulet)
HPRegen 0.09/turn               f - ring of poison resistance
MPRegen 0.13/turn               (no ring)

@: no status effects
A: no striking features
a: no special abilities


You were on level 4 of the Dungeon.
You visited 1 branch of the dungeon, and saw 4 of its levels.

You collected 146 gold pieces.

Inventory:

Hand Weapons
 a - a +0 dagger of freezing (weapon)
 j - a +0 dagger
 m - a +2 vorpal hunting sling
Missiles
 g - 73 stones
Armour
 k - a +2 robe of cold resistance (worn)
 l - a +0 pair of gloves (worn)
Jewellery
 f - a ring of poison resistance (left hand)
Wands
 o - a wand of mindburst (10)
 q - a wand of polymorph (12)
Scrolls
 b - a scroll of acquirement {unknown}
 i - a scroll of amnesia {unknown}
 n - 2 scrolls of immolation {unknown}
 p - a scroll of fog
 r - a scroll of teleportation {unknown}
 s - a scroll of noise {unknown}
Potions
 c - a potion of curing {unknown}
 d - 2 potions of haste
 e - a potion of invisibility
 h - a potion of heal wounds


   Skills:
 - Level 1.0 Fighting
 - Level 3.0 Dodging
 - Level 5.0 Stealth
 - Level 4.0 Spellcasting
 - Level 5.0 Conjurations
 + Level 3.9 Hexes


You had 6 spell levels left.
You knew the following spells:

 Your Spells              Type           Power      Damage    Failure   Level
a - Magic Dart            Conj           100%       1d8       1%          1
b - Searing Ray           Conj           56%        2d6       1%          2
c - Dazzling Flash        Conj/Hex       52%        N/A       4%          3

Your spell library contained the following spells:

 Spells                   Type           Power      Damage    Failure   Level
 Freeze                   Ice            16%        1d4       10%         1
 Fulminant Prism          Conj/Hex       13%        3d9       16%         4
 Frozen Ramparts          Ice            8%         1d2       28%         3
 Gell's Gravitas          Tloc           2%         N/A       28%         3
 Lesser Beckoning         Tloc           4%         N/A       28%         3
 Teleport Other           Tloc           4%         N/A       28%         3
 Hailstorm                Conj/Ice       16%        3d6       34%         4
 Iskenderun's Mystic Bla  Conj/Tloc      16%        2d5       34%         4


Dungeon Overview and Level Annotations

Branches:
Dungeon (4/15)
 Temple: D:4-7

Altars:

Annotations:
D:4 2 transporters, Edmund; hgbash's ghost, amateur DjFE


Message History

[Y]es or [N]o only, please.
The spell is quite dangerous to cast (4% risk of failure)!
Continue anyway?
Uppercase [Y]es or [N]o only, please.
The spell is quite dangerous to cast (4% risk of failure)!
Continue anyway?
Casting: Dazzling Flash (quite dangerous; 4% risk of failure)
Press: ? - help, Dir - look around, f - activate Look: Edmund, wielding a +2 vorpal flail and wearing a +0 chain mail (lightly wounded, chance to dazzle: 63%) Edmund hits you with a +2 vorpal flail.
Casting: Dazzling Flash (quite dangerous; 4% risk of failure)
Confirm with . or Enter, or press ? or * to list all spells.
The spell is quite dangerous to cast (4% risk of failure)!
Continue anyway? [Y]es or [N]o only, please.
The spell is quite dangerous to cast (4% risk of failure)!
Continue anyway?
Casting: Dazzling Flash (quite dangerous; 4% risk of failure)
Press: ? - help, Dir - look around, f - activate Look: Edmund, wielding a +2 vorpal flail and wearing a +0 chain mail (lightly wounded, chance to dazzle: 63%) Edmund is dazzled.
Edmund closely misses you.
You hit Edmund. You freeze Edmund.
Edmund is lightly wounded.
Edmund misses you.
You completely miss Edmund.
Edmund is lightly wounded.
Edmund hits you with a +2 vorpal flail.
You hit Edmund. You freeze Edmund.
Edmund is lightly wounded.
Edmund closely misses you.
You hit Edmund but do no damage.
Edmund is lightly wounded.
Edmund is no longer blind.
Edmund closely misses you.
You hit Edmund but do no damage.
Edmund is lightly wounded.
Edmund hits you with a +2 vorpal flail!
* * * LOW HITPOINT WARNING * * *
x2 You hit Edmund but do no damage.
Edmund is lightly wounded.
Edmund barely misses you.
You hit Edmund but do no damage.
Edmund is lightly wounded.
Edmund hits you with a +2 vorpal flail.
You die...

# ..### #. #$#.. ###
.##.#.# ... .....##
#.###....# #...##...#
###.... #..#
#......###.### .©##.
........@@..>#
.#.8#.##.####.###.###
#...#....# #.# #...#
....#..#.####.# ###.#
....#©...#.... ####.#
...O#..)...#####....#
#...#.........###.#)#
.#J8#......#..#
#.#.###########
.gg##.........#
#.............#


You could see Edmund.

Vanquished Creatures
  A gnoll shaman (D:3)
  Jessica (D:2)
  Terence (D:3)
  7 gnolls
  An adder (D:3)
  2 worms (D:2)
  4 dart slugs
  2 orcs
  9 endoplasms
  5 giant cockroaches
  12 hobgoblins
  4 jackals (D:2)
  4 kobolds
  5 quokkas
  4 ball pythons
  3 bats
  3 frilled lizards
  2 goblins
  4 rats
74 creatures vanquished.

Notes
Turn   | Place    | Note
-------+----------+-------------------------------------------
     0 | D:1      | oldmanjim the Deep Elf Conjurer began the quest for the
                  | Orb.
     0 | D:1      | Reached XP level 1. HP: 10/10 MP: 6/6
   509 | D:1      | Reached XP level 2. HP: 15/15 MP: 5/8
   544 | D:1      | Learned a level 2 spell: Searing Ray
   587 | D:1      | Reached skill level 5 in Conjurations
  1259 | D:1      | Reached XP level 3. HP: 19/19 MP: 5/9
  1844 | D:2      | Reached XP level 4. HP: 24/24 MP: 6/10
  1875 | D:2      | Learned a level 3 spell: Dazzling Flash
  1889 | D:2      | Noticed Jessica
  1892 | D:2      | Killed Jessica
  1893 | D:2      | Reached skill level 1 in Hexes
  2395 | D:3      | Found a faded altar of an unknown god.
  2418 | D:2      | Reached skill level 1 in Fighting
  2649 | D:3      | Noticed Terence
  2958 | D:3      | Reached skill level 5 in Stealth
  3024 | D:3      | Killed Terence
  3025 | D:3      | Reached XP level 5. HP: 12/29 MP: 1/11
  3852 | D:4      | Noticed hgbash's ghost (amateur DjFE)
  3853 | D:4      | Found a transporter.
  3853 | D:4      | Noticed an ogre
  3858 | D:4      | Found a transporter.
  4341 | D:4      | Noticed an ogre
  4345 | D:4      | Noticed Edmund
  4360 | D:4      | Slain by Edmund

Illustrated notes

Levels and vault maps discovered:
D:1:      dpeg_arrival_arbitrary_c, layout_basic, serial_corexii_hall,
          corexii_hall_statues_deadend, corexii_hall_statues_l,
          hangedman_decor_growths, minmay_misc_feat_plants,
          nrook_mini_backslash, amethyst_killhole
D:2:      layout_rooms, uniq_jessica
D:3:      layout_basic, ebering_ecumenical_altar_box, uniq_terence
D:4:      layout_basic, gammafunk_ghost_arena, uniq_edmund

Skill      XL: |  1  2  3  4  5 |
---------------+----------------+-----
Conjurations   | 5 |  5.0
Stealth        | 3 4 5 |  5.0
Dodging        | 3 |  3.0
Hexes          | 2 3 |  3.9
Fighting       | 1 |  1.0
Spellcasting   | 4 |  4.0

Action                   |  1- 3 |  4- 6 || total
-------------------------+-------+-------++-------
Melee: Dagger            |       |    38 ||    38
 Cast: Magic Dart        |    67 |    86 ||   153
       Searing Ray       |     7 |     8 ||    15
       Dazzling Flash    |       |     6 ||     6
  Use: Scroll            |       |     5 ||     5
 Stab: Invisible         |       |     4 ||     4
       Sleeping          |       |     4 ||     4
Armor: Robe              |       |     3 ||     3
Dodge: Dodged            |     9 |    35 ||    44

Table legend: (Time is in decaauts)
 A = Elapsed time spent in this place.
 B = Non-inter-level travel time spent in this place.
 C = Inter-level travel time spent in this place.
 D = Time resting spent in this place.
 E = Time spent auto-exploring this place.
 F = Levels seen in this place.
 G = Mean time per level.
                   A        B        C        D        E       F      G
               +--------+--------+--------+--------+--------+-----+--------+
         Total |   4363 |   4225 |    138 |    850 |   2625 |   4 | 1090.8 |
       Dungeon |   4363 |   4225 |    138 |    850 |   2625 |   4 | 1090.8 |
               +--------+--------+--------+--------+--------+-----+--------+

Top non-repeatable levels by time:
     D:1: 1474 daAuts
     D:3: 1254 daAuts
     D:2: 1216 daAuts
     D:4: 417 daAuts
